 Dungeon Crawl Stone Soup version bcrawl-1.40.2 (webtiles) character file.

Game seed: 5247212010509941172

122318 polpettosauro the Sneak (level 3, -3/33 HPs)
             Began as a Naga Warper on Nov 14, 2023.
             Slain by Robin
             ... wielding a +1 trident of pain
              (6 damage)
             ... on level 2 of the Dungeon.
             The game lasted 00:04:19 (997 turns).

polpettosauro the Sneak (Naga Warper)                Turns: 997, Time: 00:04:20

Health: -3/33      AC:  2    Str: 13    XL:     3   Next: 39%
Magic:  0/6        EV:  9    Int: 14    God:
Gold:   48         SH:  0    Dex: 10    Spells: 2/6 levels left

rFire    . . .     GDR:     22% k - +1 dagger (venom)
rCold    . . .     SeeInvis +   (no shield)
rNeg     . . .     Gourm    .   b - +0 robe
rPois    +         Faith    .   (no helmet)
rElec    .         Spirit   .   (no cloak)
rCorr    .         Reflect  .   (no gloves)
MR       .....                  (no barding)
Stlth    ++........             (no amulet)
HPRegen  0.15/turn              (no ring)
MPRegen  0.10/turn              (no ring)

@: very slow
A: large, tail, swims, see invisible, deformed body, poison resistance, slowness
2, slow metabolism 1, spit poison 1, AC +1
a: Spit Poison


You were on level 2 of the Dungeon.
You were hungry.

You visited 1 branch of the dungeon, and saw 2 of its levels.

You collected 48 gold pieces.

Inventory:

Hand Weapons
 k - a +1 dagger of venom (weapon)
 n - a +0 hunting sling
Missiles
 f - 2 throwing nets {=f}
 g - 148 javelins (quivered)
Armour
 b - a +0 robe (worn)
 m - a +0 ring mail
Scrolls
 d - 2 scrolls of blinking
 h - a scroll of remove curse {unknown}
 i - a scroll of revelation {unknown}
 l - a scroll of noise {unknown}
Potions
 c - a potion of heal wounds {unknown}
Comestibles
 e - 3 rations {!d}
 j - 4 chunks of flesh


   Skills:
 + Level 2.5 Fighting
 - Level 1.8 Throwing
 - Level 1.5 Dodging
 - Level 4.0 Stealth
 - Level 2.0 Spellcasting
 - Level 3.0 Translocations


You had 2 spell levels left.
You knew the following spells:

 Your Spells              Type           Power        Failure   Level  Hunger
a - Blink Other           Tloc           #.....       7%          1    None
b - Apportation           Tloc           #.....       7%          1    None
c - Blink                 Tloc           N/A          11%         2    ##.....

Your spell library contained the following spells:

 Spells                   Type           Power        Failure   Level  Hunger
 Portal Projectile        Tloc           #.....       21%         3    ####...
 Teleport Other           Tloc           #.......     21%         3    ####...
 Passage of Golubria      Tloc           N/A          88%         5    #######


Dungeon Overview and Level Annotations

Branches:
Dungeon (2/12)

Altars:

Annotations:
D:2 Robin


Innate Abilities, Weirdness & Mutations

You cannot wear boots.
You can swim through water.
Your serpentine skin is tough. (AC +1)
You have supernaturally acute eyesight. (SInv)
Armour fits poorly on your strangely shaped body.
Your system is resistant to poisons. (rPois)
You cover ground very slowly.
You have a slow metabolism.
You can spit poison.


Message History

The goblin wields a +0 dagger.
The goblin barely misses you.
Casting: Blink (safe; 11% risk of failure)
Confirm with . or Enter, or press ? or * to list all spells.
You don't have enough magic to cast that spell.
Throwing (i - inventory. (/) - cycle)
g - 149 javelins (quivered)
Press: ? - help, Shift-Dir - straight line, f - worm, p - Robin
Aim: a worm You throw a javelin.
The javelin hits Robin.
Robin is almost dead.
The goblin no longer looks unusually strong.
Robin hits you from afar with a +1 trident of pain!
* * * LOW HITPOINT WARNING * * *
The goblin hits you with a +0 dagger.
* * * LOW HITPOINT WARNING * * *
Okay, then.
It was a potion of cancellation.
You feel magically purged.
Your magical contamination has completely faded away.
You have got your breath back.
Robin hits you from afar with a +1 trident of pain.
You die...

#.....).# #.......... ..
#....รท..######..#######.#
#.......##...#.)#
#........#.#.#.####
#..........#.#....#
#####'#......##.#.# #####
####....#...# ..
#.).#######.#.#.### ...
g###...#..gw..gg@#.# ..[
gg)g...#)####...g#.# ..
.##g..g'.# #......# #
#...)### #...#### #....#
#...# #....# #...# #....#
#...# ##...# #...# #...#
#####


You could see a worm, Robin (invisible), 2 hobgoblins and a goblin.

Vanquished Creatures
  An ooze (D:2)
  A dart slug (D:2)
  A worm (D:2)
  A giant cockroach (D:1)
  12 goblins
  2 hobgoblins
  A ball python (D:1)
  A bat (D:2)
  3 frilled lizards (D:1)
  3 kobolds
  2 rats (D:1)
28 creatures vanquished.

Notes
Turn   | Place    | Note
-------+----------+-------------------------------------------
     0 | D:1      | polpettosauro the Naga Warper began the quest for the Orb.
     0 | D:1      | Reached XP level 1. HP: 19/19 MP: 3/3
   202 | D:1      | Reached skill level 1 in Stealth
   298 | D:1      | Reached skill level 2 in Stealth
   305 | D:1      | Reached XP level 2. HP: 26/26 MP: 5/5
   308 | D:1      | Learned a level 2 spell: Blink
   520 | D:1      | Reached skill level 3 in Stealth
   914 | D:2      | Reached skill level 4 in Stealth
   914 | D:2      | Reached XP level 3. HP: 32/32 MP: 6/6
   962 | D:2      | Noticed Robin
   997 | D:2      | Slain by Robin

Skill      XL: |  1  2 |
---------------+-------+-----
Stealth        | 2 4 |  4.0
Fighting       | |  2.5
Throwing       | |  1.8
Dodging        | |  1.5
Spellcasting   | |  2.0
Translocations | |  3.0

Action                   || total
-------------------------++-------
Melee: Dagger            ||    38
Throw: Javelin           ||     2
 Cast: Blink             ||     2
 Abil: Spit Poison       ||    19
  Use: Scroll            ||     1
       Potion            ||     1
 Stab: Sleeping          ||     4
  Eat: Chunk             ||     1
Armor: Robe              ||     6
Dodge: Dodged            ||    21
